 Dungeon Crawl Stone Soup version 0.27.0-1-g7a089689b8 (webtiles) character file.

Game seed: 2630144069177513778

237 theswoord the Twirler (level 5, -1/38 HPs)
             Began as a Demonspawn Gladiator on Aug 6, 2021.
             Slain by a gnoll (8 damage)
             ... on level 4 of the Dungeon.
             The game lasted 00:04:10 (3158 turns).

theswoord the Twirler (Demonspawn Gladiator)        Turns: 3158, Time: 00:04:11

Health: -1/38      AC:  9    Str: 16    XL:     5   Next: 77%
Magic:  5/5        EV:  7    Int:  9    God:
Gold:   74         SH:  0    Dex: 16    Spells: 4/4 levels left

rFire    . . .     SeeInvis .   a - +0 quarterstaff
rCold    . . .     Faith    .   (shield currently unavailable)
rNeg     . . .     Spirit   .   o - +0 chain mail
rPois    .         Reflect  .   c - +0 helmet
rElec    .         Harm     .   (no cloak)
rCorr    .         Rampage  .   (no gloves)
Will     .....                  (no boots)
Stlth    ..........             (no amulet)
HPRegen  0.12/turn              (no ring)
MPRegen  0.09/turn              (no ring)

@: mighty
A: thin skeletal structure 1, powered by death 1, spiny 1
a: no special abilities


You were on level 4 of the Dungeon.
You visited 1 branch of the dungeon, and saw 4 of its levels.

You collected 74 gold pieces.

Inventory:

Hand Weapons
 a - a +0 quarterstaff (weapon)
Missiles
 d - 3 throwing nets
 h - 4 curare-tipped darts (quivered)
Armour
 b - a +0 leather armour
 c - a +0 helmet (worn)
 j - a +0 ring mail
 o - a +0 chain mail (worn)
Jewellery
 k - an amulet of faith
 q - an amulet of the acrobat
Scrolls
 l - a scroll of fog
 m - a scroll of blinking
 n - 2 scrolls of amnesia
Potions
 e - a potion of curing {unknown}
 f - a potion of might
 g - a potion of attraction {unknown}
 i - a potion of cancellation {unknown}
 p - a potion of brilliance {unknown}


   Skills:
 - Level 2.0 Fighting
 + Level 6.0 Staves
 - Level 1.7 Throwing
 - Level 2.6 Dodging


You had 4 spell levels left.
You didn't know any spells.
Your spell library contained the following spells:

 Spells                   Type           Power      Damage    Failure   Level
 Animate Skeleton         Necr           0%         N/A       100%        1
 Apportation              Tloc           0%         N/A       100%        1
 Corona                   Hex            0%         N/A       100%        1
 Summon Small Mammal      Summ           0%         N/A       100%        1


Dungeon Overview and Level Annotations

Branches:
Dungeon (4/15)
 Temple: D:4-7

Altars:
Dithmenos

Shops:
D:3 [


Innate Abilities, Weirdness & Mutations

You have a somewhat thin skeletal structure. (Dex +2, Stealth+)
You regenerate a little health from kills.
You are partially covered in sharp spines.


Message History

You hit the gnoll.
The gnoll is heavily wounded.
You closely miss the gnoll shaman. You closely miss the gnoll shaman.
The gnoll shaman calls upon its god to speed up the gnoll.
The gnoll seems to speed up.
You hit the gnoll shaman.
The gnoll shaman is lightly wounded.
The gnoll shaman calls upon its god to heal the gnoll.
The gnoll's wounds heal themselves!
It was a potion of might.
You feel very mighty all of a sudden.
The gnoll shaman calls upon its god to speed up the gnoll.
The gnoll seems to speed up.
The gnoll hits you from afar with a +0 halberd!
You hit the gnoll shaman.
The gnoll shaman is heavily wounded.
The gnoll hits you but does no damage.
The gnoll shaman hits you with a +0 whip!
* * * LOW HITPOINT WARNING * * *
You barely miss the gnoll shaman.
The gnoll shaman is heavily wounded.
The gnoll barely misses you.
The gnoll shaman is struck by your spines.
The gnoll shaman hits you with a +0 whip.
* * * LOW HITPOINT WARNING * * *
The gnoll barely misses you.
The gnoll shaman calls down the wrath of its god upon you.
You resist with some effort.
The gnoll shaman utters an invocation to its god.
The gnoll shaman is healed somewhat.
There is an open door here.
There is an open door here.
There is a stone staircase leading up here.
The gnoll shaman calls upon its god to speed up the gnoll.
The gnoll seems to speed up.
The gnoll hits you from afar with a +0 halberd!
* * * LOW HITPOINT WARNING * * *
The gnoll hits you from afar with a +0 halberd!
You die...

#.# #.# #.# #.# #.#
### #.# ##.##
#.###...####
#..........##
######..@........#
..............#..#
#####.gg##...##..#
)...###...g.##.###..#
..... ##............#
.... ##g#########.#
### # ... #.#
#.###(## #. g. #g#
#......# #.##. ##'##
#####.##


You could see a gnoll shaman and 4 gnolls.

Vanquished Creatures
  An orc wizard (D:3)
  Natasha (thrice) (D:2)
  4 adders
  3 worms (D:2)
  3 dart slugs
  6 orcs
  6 endoplasms
  A giant cockroach (D:3)
  7 goblins
  8 hobgoblins
  9 jackals
  5 kobolds
  2 quokkas
  2 ball pythons (D:3)
  7 bats
  9 frilled lizards
  7 rats
83 creatures vanquished.

Notes
Turn   | Place    | Note
-------+----------+-------------------------------------------
     0 | D:1      | theswoord the Demonspawn Gladiator began the quest for the
                  | Orb.
     0 | D:1      | Reached XP level 1. HP: 16/16 MP: 1/1
    78 | D:1      | Reached skill level 3 in Staves
   251 | D:1      | Gained mutation: You are partially covered in sharp spines.
                  | [demonic ancestry]
   251 | D:1      | Reached XP level 2. HP: 21/22 MP: 2/2
   672 | D:1      | Found a faded altar of an unknown god.
   917 | D:2      | Gained mutation: You have a somewhat thin skeletal
                  | structure. (Dex +2, Stealth+) [demonic ancestry]
   917 | D:2      | Reached XP level 3. HP: 21/27 MP: 3/3
   919 | D:2      | Reached skill level 4 in Staves
  1430 | D:2      | Gained mutation: You regenerate a little health from kills.
                  | [demonic ancestry]
  1430 | D:2      | Reached XP level 4. HP: 24/33 MP: 4/4
  1722 | D:2      | Noticed Natasha
  1725 | D:2      | Killed Natasha
  1891 | D:2      | Noticed Natasha
  1898 | D:2      | Killed Natasha
  1899 | D:2      | Reached skill level 5 in Staves
  1914 | D:2      | Noticed Natasha
  1918 | D:2      | Killed Natasha
  1919 | D:2      | Reached XP level 5. HP: 34/38 MP: 5/5
  2361 | D:3      | Found a shadowy altar of Dithmenos.
  2434 | D:3      | Found Dioni's Armour Shop.
  2955 | D:3      | Reached skill level 6 in Staves
  3158 | D:4      | Slain by a gnoll

Skill      XL: |  1  2  3  4  5 |
---------------+----------------+-----
Staves         | 3 4 5 6 |  6.0
Fighting       | |  2.0
Throwing       | |  1.7
Dodging        | |  2.6

Action                   |  1- 3 |  4- 6 || total
-------------------------+-------+-------++-------
Melee: Quarterstaff      |    78 |    89 ||   167
  Use: Scroll            |     4 |     4 ||     8
       Potion            |       |     1 ||     1
 Stab: Sleeping          |     1 |     3 ||     4
       Distracted        |       |     1 ||     1
Armor: Leather armour    |    17 |       ||    17
       Ring mail         |    12 |    10 ||    22
       Chain mail        |       |     7 ||     7
Dodge: Dodged            |    52 |    33 ||    85

Levels and vault maps discovered:
D:1:      erik_arrival_cave_to_civilisation [erik_arrival_cave_to_hall],
          layout_basic, hellmonk_ecumenical_altar_crossroads,
          minmay_tromino_v4_a
D:2:      layout_basic, kennysheep_cross_room, patterned_corridor, uniq_natasha
D:3:      minmay_wonky_spiral, layout_loops_ring,
          mainiacjoe_overflow_concentric_impassable, serial_shops, shop_statue,
          minmay_curled_crystal, roderic_cross_of_infinity
D:4:      layout_loops_corners, ebering_ghost_reflecting_pool
